Map: Oxide LE

Players

HellraiseR - Winner!

  • Race: Protoss Protoss
  • League: Master
  • Spawn Location: 7:00

Reynor

  • Race: Zerg Zerg
  • League: Master
  • Spawn Location: 1:00

Event: DreamHack SC2 Masters 2020 Winter

VOD

Have the link to the VOD?

Description

Time

  • Played on: Oct. 21, 2020, 11:27 a.m.
  • Length: 14:59

All games in this series

Show
View Real Time Build Order
Export as new Build Order

HellraiseR Protoss - Winner!

Build Orders: Nexus First, Carriers 

Get SALT Encoding   

  12  0:00  Probe  
  13  0:12  Probe  
  14  0:19  Pylon  
  14  0:24  Probe (Chrono Boost)  
  15  0:38  Probe (Chrono Boost)  
  16  0:45  Probe (Chrono Boost)  
  17  0:52  Probe  
  18  1:01  Nexus  
  18  1:11  Forge  
  18  1:16  Probe  
  19  1:24  Gateway  
  19  1:28  Probe  
  20  1:34  Pylon  
  20  1:45  Probe  
  21  1:53  Photon Cannon  
  21  1:59  Photon Cannon  
  21  2:10  Zealot (Chrono Boost)  
  21  2:11  Cybernetics Core  
  23  2:20  Cybernetics Core  
  23  2:26  Probe  
  23  2:28  Zealot (Chrono Boost)  
  24  2:31  Gateway  
  24  2:35  Probe  
  27  2:39  Assimilator  
  27  2:40  Probe  
  28  2:47  Probe  
  29  2:54  Probe  
  29  2:58  Zealot (Chrono Boost)  
  32  3:00  Probe  
  32  3:05  Assimilator  
  32  3:16  Probe  
  32  3:18  Probe  
  34  3:22  Adept (Chrono Boost)  
  34  3:26  Zealot (Chrono Boost)  
  36  3:28  Probe  
  36  3:30  Probe  
  36  3:40  Probe  
  37  3:42  Probe  
  37  3:43  Assimilator x2  
  37  3:44  Warp Gate  
  38  3:52  Probe  
  38  3:54  Probe  
  39  4:03  Adept x2  
  39  4:04  Probe  
  39  4:06  Probe  
  45  4:15  Twilight Council  
  45  4:17  Probe  
  46  4:21  Pylon  
  46  4:39  Pylon  
  46  4:40  Probe x2 (Chrono Boost)  
  46  4:43  Gateway x2  
  48  4:45  Resonating Glaives (Chrono Boost)  
  48  4:48  Probe x2 (Chrono Boost)  
  50  4:54  Probe x2  
  50  4:56  Stalker (Chrono Boost)  
  50  4:59  Pylon  
  54  5:06  Probe x2  
  56  5:12  Pylon  
  56  5:18  Probe x2  
  56  5:20  Pylon  
  58  5:30  Adept, Probe  
  58  5:33  Adept  
  58  5:35  Probe  
  64  5:42  Probe  
  65  5:43  Stargate  
  65  5:44  Stargate  
  65  5:47  Adept x2  
  64  5:53  Adept x2  
  64  5:56  Pylon  
  66  6:06  Probe x2  
  66  6:07  Adept x2  
  72  6:13  Adept x2  
  72  6:14  Protoss Air Weapons Level 1  
  72  6:17  Pylon  
  76  6:25  Nexus  
  76  6:26  Phoenix (Chrono Boost)  
  76  6:31  Phoenix (Chrono Boost)  
  80  6:35  Probe  
  81  6:41  Adept  
  81  6:42  Probe  
  84  6:47  Probe  
  84  6:54  Probe  
  84  6:58  Adept x3  
  84  7:00  Probe  
  84  7:01  Adept  
  89  7:04  Phoenix (Chrono Boost)  
  89  7:06  Probe  
  94  7:11  Phoenix (Chrono Boost)  
  92  7:20  Phoenix (Chrono Boost), Probe  
  92  7:22  Probe  
  90  7:32  Probe  
  90  7:33  Adept x3  
  90  7:34  Probe  
  90  7:36  Phoenix (Chrono Boost)  
  94  7:41  Phoenix (Chrono Boost)  
  94  7:43  Probe  
  98  7:44  Probe  
  98  7:46  Assimilator, Probe  
  98  7:51  Assimilator  
  99  7:53  Stargate  
  99  7:58  Phoenix (Chrono Boost)  
  101  8:02  Phoenix (Chrono Boost)  
  101  8:03  Probe  
  94  8:13  Phoenix, Probe  
  94  8:16  Fleet Beacon  
  94  8:17  Probe x2  
  94  8:19  Zealot x2  
  103  8:26  Adept x2, Shield Battery  
  107  8:32  Phoenix (Chrono Boost)  
  109  8:37  Phoenix (Chrono Boost)  
  109  8:41  Pylon  
  113  8:45  Phoenix (Chrono Boost)  
  115  9:02  Carrier (Chrono Boost)  
  115  9:09  Nexus  
  125  9:11  Carrier (Chrono Boost)  
  123  9:35  Pylon  
  123  9:36  Pylon  
  123  9:37  Pylon  
  123  9:40  Pylon  
  123  9:47  Adept  
  123  9:51  Forge  
  125  9:53  Adept, Protoss Air Weapons Level 2, Carrier (Chrono Boost)  
  125  9:55  Adept x2  
  143  10:04  Carrier (Chrono Boost)  
  143  10:11  Shield Battery, Probe  
  143  10:12  Probe x2  
  152  10:15  Carrier (Chrono Boost)  
  152  10:23  Probe  
  152  10:24  Probe  
  152  10:26  Assimilator  
  152  10:28  Probe  
  155  10:29  Assimilator, Probe  
  155  10:31  Photon Cannon  
  156  10:35  Probe  
  156  10:36  Photon Cannon, Probe  
  164  10:47  Carrier (Chrono Boost)  
  164  10:53  Carrier (Chrono Boost)  
  164  10:56  Pylon  
  170  10:59  Stargate  
  170  11:04  Charge  
  170  11:07  Pylon, Templar Archives  
  169  11:15  Adept x4  
  177  11:28  Pylon  
  177  11:29  Pylon  
  181  11:35  Carrier (Chrono Boost)  
  179  11:50  Carrier (Chrono Boost)  
  171  11:55  Carrier (Chrono Boost)  
  167  12:07  Zealot x2  
  167  12:13  Carrier (Chrono Boost)  
  167  12:14  Zealot x2  
  168  12:22  Robotics Facility  
  154  12:43  Carrier (Chrono Boost)  
  132  12:52  Psionic Storm  
  132  13:04  High Templar x2  
  136  13:10  Zealot x2, Observer  
  141  13:17  Photon Cannon  
  141  13:33  High Templar x2  
  145  13:37  Observer  
  145  13:40  Nexus  
  146  13:44  Pylon  
  146  13:48  High Templar x2  
  150  14:00  Probe x2  
  150  14:01  Probe  
  153  14:05  Adept x2  
  157  14:12  Probe  
  158  14:20  Zealot x2  
  172  14:44  Archon  
  172  14:45  Archon  
Show
View Real Time Build Order
Export as new Build Order

Reynor Zerg 

Build Orders: Pool First 

Get SALT Encoding   

  12  0:00  Drone  
  13  0:12  Overlord  
  13  0:16  Drone  
  14  0:30  Drone x2  
  16  0:41  Spawning Pool  
  15  0:45  Drone  
  16  0:50  Drone  
  17  1:17  Hatchery  
  17  1:18  Drone  
  17  1:28  Zergling x4  
  17  1:29  Zergling x2  
  20  1:40  Zergling x2  
  21  1:48  Hatchery  
  21  1:53  Zergling x2  
  21  2:01  Overlord  
  21  2:11  Drone  
  22  2:21  Queen  
  22  2:22  Drone  
  25  2:25  Extractor  
  25  2:28  Queen  
  25  2:29  Zergling x2  
  27  2:34  Drone  
  28  2:40  Zergling x2  
  29  2:47  Drone  
  30  2:54  Zergling x2  
  31  3:01  Overlord  
  31  3:02  Drone, Queen  
  31  3:05  Zergling x2  
  34  3:15  Zergling x2  
  33  3:21  Drone x3  
  33  3:22  Drone  
  33  3:24  Zergling x2  
  37  3:27  Drone  
  38  3:39  Drone x3  
  39  3:47  Metabolic Boost  
  39  3:50  Overlord  
  39  3:53  Drone x2  
  39  3:55  Drone  
  42  3:56  Drone  
  42  4:05  Drone  
  43  4:13  Hatchery  
  43  4:14  Drone x2  
  44  4:17  Drone  
  44  4:22  Queen  
  44  4:23  Drone  
  47  4:25  Drone  
  47  4:26  Drone  
  47  4:29  Overlord  
  49  4:31  Drone  
  49  4:33  Drone  
  49  4:36  Drone  
  52  4:46  Pneumatized Carapace  
  52  4:48  Spore Crawler  
  52  4:51  Zergling x4  
  52  4:52  Zergling x6  
  56  4:57  Spore Crawler, Queen  
  56  4:59  Overlord  
  57  5:02  Zergling x2  
  58  5:09  Zergling x2  
  59  5:14  Drone  
  59  5:16  Overlord  
  59  5:18  Drone x2  
  63  5:21  Drone  
  63  5:26  Drone  
  64  5:29  Roach Warren, Overlord  
  64  5:31  Drone x3, Extractor  
  64  5:32  Extractor  
  64  5:33  Queen  
  66  5:38  Spine Crawler  
  64  5:45  Drone x2, Overlord  
  64  5:46  Drone  
  64  5:48  Drone x2  
  66  5:52  Lair  
  65  5:58  Spore Crawler  
  65  5:59  Drone x3  
  65  6:00  Drone x2  
  69  6:05  Drone x3  
  69  6:09  Zergling x4  
  74  6:11  Zergling x2  
  74  6:15  Queen  
  74  6:18  Overlord  
  77  6:19  Drone  
  77  6:20  Evolution Chamber  
  77  6:21  Drone x2  
  77  6:23  Drone  
  77  6:24  Zergling x2  
  81  6:29  Zergling x4  
  81  6:30  Zergling x4  
  81  6:32  Zergling x2  
  86  6:35  Zergling x2  
  87  6:41  Drone x3, Queen  
  87  6:42  Overlord  
  87  6:43  Extractor  
  90  6:47  Zergling x4  
  90  6:50  Zergling x4  
  90  6:51  Zergling x2  
  81  6:56  Zergling x2  
  81  6:57  Zergling x6  
  81  6:59  Zergling x2  
  81  7:05  Zergling x2  
  81  7:11  Zergling x4  
  83  7:19  Overlord  
  83  7:20  Drone  
  83  7:21  Drone x4  
  83  7:30  Drone x3, Hydralisk Den, Extractor  
  83  7:31  Extractor  
  81  7:40  Drone x2  
  81  7:41  Drone  
  81  7:47  Drone x4  
  81  7:48  Drone x2  
  81  7:51  Overseer  
  87  7:53  Drone x2  
  87  7:54  Drone  
  90  8:00  Overlord  
  90  8:02  Drone x3  
  90  8:03  Drone  
  90  8:05  Drone  
  94  8:10  Spore Crawler  
  93  8:12  Queen x2  
  93  8:14  Drone x2  
  93  8:15  Drone  
  93  8:19  Drone x3, Spore Crawler  
  102  8:24  Overlord  
  102  8:29  Drone x2  
  102  8:30  Drone x2  
  99  8:34  Glial Reconstitution  
  99  8:36  Zerg Missile Weapons Level 1  
  99  8:39  Spore Crawler  
  99  8:40  Spore Crawler x2  
  95  8:43  Infestation Pit  
  95  8:47  Drone, Spore Crawler  
  94  8:50  Hydralisk x3  
  94  8:51  Hydralisk  
  102  8:59  Overlord  
  102  9:02  Hydralisk x4  
  106  9:06  Hydralisk x2  
  110  9:12  Hydralisk x3  
  110  9:16  Overlord  
  114  9:26  Overlord x3  
  114  9:36  Overlord  
  114  9:43  Muscular Augments  
  114  9:44  Drone  
  111  9:50  Overlord  
  111  9:52  Hatchery, Hydralisk x4  
  118  9:57  Hydralisk x3  
  124  10:05  Hydralisk x3  
  129  10:14  Hydralisk x3  
  135  10:24  Hydralisk x4  
  143  10:28  Overlord x2  
  143  10:32  Roach x2  
  149  10:35  Roach  
  149  10:36  Roach  
  151  10:44  Drone  
  151  10:48  Roach x5  
  162  10:50  Roach  
  162  10:52  Roach  
  162  10:54  Hydralisk  
  162  10:55  Grooved Spines  
  170  11:04  Roach x3  
  170  11:07  Overlord x3  
  174  11:13  Hydralisk  
  174  11:15  Hydralisk  
  175  11:25  Hydralisk x5  
  181  11:29  Hydralisk  
  181  11:30  Hydralisk  
  181  11:32  Hydralisk  
  189  11:36  Hydralisk x2  
  191  11:46  Hydralisk x4  
  185  11:48  Hydralisk  
  185  11:52  Hydralisk x2  
  191  11:59  Hydralisk x2  
  191  12:00  Hydralisk  
  177  12:03  Hydralisk x2  
  155  12:08  Hydralisk x2  
  155  12:10  Hydralisk  
  161  12:16  Drone x2  
  161  12:17  Drone  
  161  12:20  Pathogen Glands  
  164  12:23  Drone x3  
  164  12:24  Extractor  
  164  12:25  Hydralisk  
  164  12:26  Extractor  
  164  12:28  Hydralisk  
  169  12:32  Hydralisk  
  169  12:34  Hydralisk  
  169  12:36  Hydralisk  
  155  12:38  Hydralisk  
  155  12:41  Hydralisk  
  128  12:46  Hydralisk x3  
  132  12:53  Drone x3  
  132  12:57  Infestor x2  
  139  13:00  Hydralisk  
  139  13:01  Hydralisk  
  139  13:05  Drone x2  
  145  13:10  Burrow, Hydralisk  
  145  13:11  Hydralisk  
  149  13:15  Spore Crawler  
  149  13:17  Infestor  
  150  13:21  Drone x2  
  150  13:22  Spore Crawler, Hydralisk  
  150  13:23  Spore Crawler  
  150  13:25  Hydralisk  
  154  13:29  Neural Parasite  
  154  13:31  Hydralisk  
  154  13:34  Drone x2  
  158  13:40  Infestor  
  160  13:42  Hydralisk x2  
  160  13:47  Hydralisk x2  
  160  13:48  Spore Crawler  
  167  13:54  Infestor  
  169  14:01  Infestor  
  171  14:05  Hatchery  
  171  14:08  Infestor  
  172  14:10  Drone x3  
  175  14:19  Spore Crawler  
  175  14:20  Spore Crawler x2  
  175  14:23  Spore Crawler  
  171  14:24  Hydralisk x4  
  171  14:26  Spore Crawler  
Tags
 
Add a new tag
Caveats
  • Supply blocks, unpowered buildings, or Contaminate may cause inaccurate times.
  • Supply counts are checked every 10 seconds.